 Dungeon Crawl Stone Soup version 0.29.1-15-g9cfb28693d (webtiles) character file.

Game seed: 12089736668422676045

96 EarthwalkerPL the Shield-Bearer (level 4, -6/37 HPs)
             Began as a Formicid Fighter on Apr 11, 2023.
             Killed by divine providence
             ... invoked by an orc priest
              (16 damage)
             ... on level 3 of the Dungeon.
             The game lasted 00:02:59 (2341 turns).

EarthwalkerPL the Shield-Bearer (Formicid Fighter)  Turns: 2341, Time: 00:03:00

Health: -6/37      AC: 13    Str: 23    XL:     4   Next: 98%
Magic:  4/4        EV:  6    Int:  7    God:
Gold:   133        SH:  5    Dex: 13    Spells: 3/3 levels left

rFire   . . .      SeeInvis +   a - +0 war axe
rCold   . . .      Faith    .   c - +0 buckler
rNeg    . . .      Spirit   .   q - +0 plate armour
rPois   .          Reflect  .   (helmet unavailable)
rElec   .          Harm     .   (no cloak)
rCorr   .          Rampage  .   r - +0 pair of gloves
Will    .....                   (no boots)
Stlth   ..........              (no amulet)
HPRegen 0.12/turn               (no ring)
MPRegen 0.09/turn               (no ring)

@: no status effects
A: permanent stasis, dig shafts and tunnels, antennae 3, four strong arms
a: Dig, Shaft Self


You were on level 3 of the Dungeon.
You visited 1 branch of the dungeon, and saw 3 of its levels.

You collected 133 gold pieces.

Inventory:

Hand Weapons
 a - a +0 war axe (weapon)
Missiles
 g - 2 throwing nets
 h - 4 javelins
 p - 3 curare-tipped darts
Armour
 b - a +0 scale mail
 c - a +0 buckler (worn)
 q - a +0 plate armour (worn)
 r - a +0 pair of gloves (worn)
Scrolls
 f - 5 scrolls of identify {unknown}
 j - a scroll of enchant weapon {unknown}
 k - a scroll of brand weapon {unknown}
 l - 2 scrolls of magic mapping {unknown}
 m - a scroll of immolation {unknown}
Potions
 d - a potion of might
 e - a potion of magic {unknown}
 i - 2 potions of lignification {unknown}
 n - 2 potions of curing {unknown}
 o - 2 potions of heal wounds {unknown}


   Skills:
 * Level 4.2 Fighting
 * Level 3.1 Axes
 * Level 4.0 Armour
 + Level 4.4 Shields


You had 3 spell levels left.
You didn't know any spells.
Your spell library contained the following spells:

 Spells                   Type           Power      Damage    Failure   Level
 Call Canine Familiar     Summ           0%         N/A       100%        3
 Gell's Gravitas          Tloc           0%         N/A       100%        3
 Portal Projectile        Hex/Tloc       0%         N/A       100%        3
 Teleport Other           Tloc           0%         N/A       100%        3
 Leda's Liquefaction      Hex/Erth       0%         N/A       100%        4
 Dispersal                Tloc           0%         N/A       100%        6


Dungeon Overview and Level Annotations

Branches:
Dungeon (3/15)

Altars:

Annotations:
D:3 Ijyb


Innate Abilities, Weirdness & Mutations

You cannot be hasted, slowed, berserked, paralysed or teleported.
You can dig through walls and to a lower floor.
You have a pair of large antennae on your head. (SInv)
Your four strong arms can wield two-handed weapons with a shield.


Message History

The orc priest hits you but does no damage.
The orc hits you but does no damage.
The orc priest calls upon Beogh to heal the orc.
The orc's wounds heal themselves!
You are too confused!
You are too confused!
You are too confused!
Ijyb attacks as you move away! Ijyb hits you but does no damage.
The orc attacks as you move away! The orc hits you with a +0 hand axe.
The orc hits you with a +0 flail. The orc attacks as you move away!
The orc hits you but does no damage.
Ijyb zaps a wand.
Your will is overpowered!
You are more confused.
The orc hits you but does no damage. x2
The orc attacks as you move away! The orc barely misses you.
The orc hits you with a +0 flail. The orc hits you but does no damage.
The orc priest begins to cast a cantrip, but forgets the words!
The orc barely misses you. x2
You hit the orc.
The orc is heavily wounded.
You barely miss the orc. The orc hits you with a +0 hand axe.
The orc hits you with a +0 club. The orc hits you but does no damage. x2
You completely miss the orc. You miss the orc.
You feel less confused. The orc hits you but does no damage. x2
You closely miss the orc. You barely miss the orc. You block the orc's attack.
The orc closely misses you. The orc hits you with a +0 hand axe.
You slash the orc!
You kill the orc!
You closely miss the orc. The orc hits you but does no damage.
The orc priest invokes the aid of Beogh against you.
Beogh smites you!
* * * LOW HITPOINT WARNING * * *
The orc attacks as you move away! The orc hits you but does no damage.
The orc attacks as you move away! You block the orc's attack.
The orc hits you but does no damage.
The orc priest invokes the aid of Beogh against you.
Beogh smites you!
You die...

#.####.....# #........#.#
##########...#.# ##
...............# ..#
.###########..#.###.##.#
...........go.......##.#
...........##..o######.# ####
...........###oo######.#######...
...........'...o@.........[......
...........###..........######...
...........# #..........# #...
...........# #........<.# #...
...........# #..........# #...
...........# #..........# #...
#..........# #... #..........#
#... ###+######## #...


You could see Ijyb, an orc priest and 4 orcs.

Vanquished Creatures
  4 adders
  A dart slug (D:1)
  2 orcs (D:3)
  3 endoplasms
  A giant cockroach (D:1)
  3 hobgoblins (D:1)
  7 jackals
  2 quokkas (D:2)
  4 ball pythons
  7 bats
  3 frilled lizards
  9 goblins
  4 kobolds
  3 rats
53 creatures vanquished.

Notes
Turn   | Place    | Note
-------+----------+-------------------------------------------
     0 | D:1      | EarthwalkerPL the Formicid Fighter began the quest for the
                  | Orb.
     0 | D:1      | Reached XP level 1. HP: 18/18 MP: 1/1
   177 | D:1      | Reached XP level 2. HP: 24/24 MP: 2/2
   333 | D:1      | You fall into a shaft and drop 1 floor!
   395 | D:2      | Reached XP level 3. HP: 27/30 MP: 3/3
   969 | D:2      | Reached XP level 4. HP: 36/37 MP: 4/4
  2319 | D:3      | Noticed Ijyb
  2341 | D:3      | Killed from afar by an orc priest

Illustrated notes

Levels and vault maps discovered:
D:1:      spicycebolla_arrival_ecumenical, layout_basic,
          nicolae_figureground_sparkle
D:2:      layout_basic
D:3:      layout_basic, kennysheep_generic_room_16, uniq_ijyb

Skill      XL: |  1  2  3  4 |
---------------+-------------+-----
Fighting       | 4 |  4.2
Axes           | 3 |  3.1
Armour         | 4 |  4.0
Shields        | |  4.4

Action                   |  1- 3 |  4- 6 || total
-------------------------+-------+-------++-------
Melee: War axe           |    90 |    76 ||   166
Armor: Scale mail        |    57 |    26 ||    83
       Plate armour      |       |    43 ||    43
Dodge: Dodged            |    44 |    48 ||    92
Block: Buckler           |    30 |    22 ||    52
